Cogmind - Beta 13 @@@ ROGUE MODE // 2024.03.06 @ 15:17:32 Player: SX_7 Result: Self-destructed Performance ------------- Evolutions (2) 1000 Regions Visited (3) 600 Robots Destroyed (28) 140 Value Destroyed (860) 860 Prototype IDs (0) 0 Alien Tech Used (0) 0 Bonus (-63) -63 TOTAL SCORE: 2537 Bonus ------- Friendly Fire -63 Cogmind --------- Core Integrity 503/550 Matter 253/300 Energy 158/160 System Corruption 0% Temperature Cool (0) Movement Walking (120) Location -8/Materials Parts ------- > --- POWER (1) -------- Light Nuclear Core > --- PROPULSION (2) --- Aluminum Leg Improved Aluminum Leg > --- UTILITY (6) ------ Improved Heat Sink Improved Heat Sink Structural Scanner Improved Terrain Scanner Targeting Computer > --- WEAPON (2) ------- Ion Cannon > --- INVENTORY (5) ---- Compact Wheel Medium Storage Unit EM Shotgun Light Assault Rifle Flamer Peak State ------------ > --- POWER ------------ Light Nuclear Core > --- PROPULSION ------- Aluminum Leg Improved Aluminum Leg > --- UTILITY ---------- Improved Heat Sink Improved Heat Sink Structural Scanner Improved Terrain Scanner Improved Terrain Scanner Tractor Beam > --- WEAPON ----------- Particle Gun Ion Cannon > --- INVENTORY -------- Compact Wheel Medium Storage Unit EM Shotgun Light Assault Rifle Flamer [Rating: 25] Favorites ----------- Power Light Ion Engine Engine Light Ion Engine Power Core Light Nuclear Core Propulsion Aluminum Leg Leg Aluminum Leg Wheel Compact Wheel Utility Small Storage Unit Device Seismic Detector Storage Small Storage Unit Processor Targeting Computer Weapon Light Assault Rifle Energy Gun Particle Gun Energy Cannon Ion Cannon Ballistic Gun Light Assault Rifle Launcher Mini Grenade Launcher Build | -11 -10 -10 -8 ------- Run | Yrd Mat Sub Mat Slots Evolved 4 | . . . 4 Power . | . . . . Propulsion . | . . . . Utility 4 | . . . 4 Weapon . | . . . . Parts Attached 40 | 7 7 12 14 Power 7 | 1 3 2 1 Engine 6 | 1 3 2 . Core 1 | . . . 1 Reactor . | . . . . Propulsion 10 | 2 1 2 5 Treads . | . . . . Leg 8 | 2 1 2 3 Wheel 2 | . . . 2 Hover . | . . . . Flight . | . . . . Utility 10 | 2 . 1 7 Device 8 | 1 . 1 6 Storage 1 | 1 . . . Processor 1 | . . . 1 Hackware . | . . . . Protection . | . . . . Artifact . | . . . . Weapon 13 | 2 3 7 1 Energy Gun 5 | 1 1 3 . Energy Cannon 1 | . . . 1 Ballistic Gun 4 | 1 2 1 . Ballistic Cannon . | . . . . Launcher 3 | . . 3 . Special Weapon . | . . . . Impact Weapon . | . . . . Slashing Weapon . | . . . . Piercing Weapon . | . . . . Special Melee Weapon . | . . . . Unidentified Prototypes . | . . . . Parts Lost 15 | . 3 9 3 Power 3 | . 1 1 1 Propulsion 4 | . . 4 . Utility 2 | . . 1 1 Weapon 6 | . 2 3 1 Highest Loss Streak 5 | . 1 5 2 To Critical Strikes . | . . . . Average Slot Usage (%) 87 | . 99 86 60 Engine 12 | . 13 13 5 Leg 22 | . 28 25 4 Device 15 | . 14 13 21 Storage 12 | . 14 14 3 Energy Gun 9 | . 13 4 9 Ballistic Gun 8 | . 14 3 5 Launcher 3 | . . 10 . Naked Turns . | . . . . Heaviest Build 20 | 11 15 15 20 Greatest Support 32 | 20 20 20 32 Greatest Overweight (x) 4 | . . 4 4 Average Overweight (x) . | . . . 1 Largest Inventory Capacity 8 | 8 8 8 8 Average Capacity 7 | 7 8 8 6 Most Carried 8 | 5 8 8 5 Average Carried 5 | 2 6 6 4 Final Capacity 8 | 8 8 8 5 Final Carried 8 | 3 8 3 5 Class Distribution -------------------- 75% | Mutant 24% | Scavenger-Mutant Dominant Class ---------------- Mutant | -10/Materials Mutant | -10/Subcaves Mutant | -8/Materials Resources | -11 -10 -10 -8 ----------- Run | Yrd Mat Sub Mat Matter Collected 820 | 286 101 227 206 Remotely 121 | . . . 121 Salvage Created 930 | 135 355 287 153 Parts 44 | 10 10 17 7 Haulers Intercepted . | . . . . Recyclers Shooed 1 | 1 . . . Parts Field Recycled . | . . . . Retrieved Matter . | . . . . Parts Self-Destructed 3 | . . 3 . Prevented . | . . . . Kills | -11 -10 -10 -8 ------- Run | Yrd Mat Sub Mat Combat Hostiles Destroyed 20 | . 6 12 2 Guns 8 | . 6 1 1 Cannons 1 | . . . 1 AOE 11 | . . 11 . Classes Destroyed 8 | 3 2 2 1 Worker 1 | 1 . . . Tunneler 3 | 3 . . . Recycler 3 | 1 1 . 1 Operator 1 | . 1 . . Grunt 7 | . 6 . 1 Duelist 1 | . . . 1 Artisan 1 | . . 1 . Subdweller 12 | . . 12 . Best Kill Streak 9 | 2 3 9 2 Combat Bots Only 9 | . 2 9 2 Max Kills in Single Turn 4 | 1 1 4 1 Gunslinging . | . . . . Exploded 4 | . . 4 . Melee . | . . . . Uniques/NPCs Destroyed . | . . . . Combat | -11 -10 -10 -8 -------- Run | Yrd Mat Sub Mat Hostile Shots Fired 116 | . 51 35 30 Missed 33 | . 11 14 8 Damage Taken 1535 | . 547 646 342 Core 285 | . 86 152 47 Absorbed by Shields . | . . . . Core Remaining (%) 52 | 100 . 4 . Volleys Fired 118 | 16 48 39 15 Largest 2 | 2 2 2 2 Hottest 130 | 60 85 130 125 Shots Fired 204 | 32 96 50 26 Gun 168 | 32 96 23 17 Cannon 9 | . . . 9 Launcher 27 | . . 27 . Special . | . . . . Kinetic 72 | 16 50 3 3 Thermal 105 | 16 46 20 23 Explosive 27 | . . 27 . Electromagnetic . | . . . . Robot Hit Streak 20 | 7 20 7 7 Robot Miss Streak 6 | 3 6 3 2 Penetration Max . | . . . . Secondary Targets . | . . . . Shots Hit Robots 121 | 18 63 22 18 Core Hits 60 | 8 17 26 9 Critical Kills . | . . . . Critical Parts Destroyed . | . . . . Critical Strikes 1 | . 1 . . Burn 1 | . 1 . . Melee Attacks . | . . . . Impact . | . . . . Slashing . | . . . . Piercing . | . . . . Sneak Attacks . | . . . . Combat Hostiles . | . . . . Follow-up Attacks . | . . . . Damage Inflicted 3337 | 197 700 2080 360 Guns 1285 | 197 700 213 175 Cannons 185 | . . . 185 Explosions 1867 | . . 1867 . Melee . | . . . . Ramming . | . . . . Kinetic 385 | 88 281 10 6 Thermal 1085 | 109 419 203 354 Explosive 1867 | . . 1867 . Electromagnetic . | . . . . Impact . | . . . . Slashing . | . . . . Piercing . | . . . . Highest Corruption . | . . . . Average Corruption . | . . . . Corruption Purged . | . . . . Corruption Blocked . | . . . . Overload Shots . | . . . . Overflow Damage . | . . . . Projectiles . | . . . . Explosions . | . . . . Melee . | . . . . Knockbacks . | . . . . Impact . | . . . . Kinetic . | . . . . Secondary . | . . . . Self-Inflicted Damage 48 | . . 48 . Shots 3 | . . 3 . Rammed . | . . . . Targets Rammed . | . . . . Kicked . | . . . . Crushed . | . . . . Highest Temperature 370 | 40 370 75 306 Average Temperature 101 | 17 120 31 151 Received Heat Transfer 477 | . 324 54 99 Siege Activations . | . . . . Robots Corrupted . | . . . . Combat Hostiles . | . . . . Parts Fried . | . . . . Impact Corruptions . | . . . . Robots Melted . | . . . . Combat Hostiles . | . . . . Parts Melted 3 | . 3 . . Heat Transferred 2474 | 250 1040 481 703 Parts Sabotaged . | . . . . Parts Stolen . | . . . . Parts Stripped . | . . . . Power Chain Reactions . | . . . . Alert | -11 -10 -10 -8 ------- Run | Yrd Mat Sub Mat Peak Influence 154 | 25 154 . 80 Initial 16 | . 16 . . Average 45 | 7 62 . 19 Maximum Alert Level . | . . . . Low Security (%) 100 | 100 100 . 100 Level 1 . | . . . . Level 2 . | . . . . Level 3 . | . . . . Level 4 . | . . . . Level 5 . | . . . . High Security . | . . . . Max Security . | . . . . Squads Dispatched 4 | . 3 . 1 Investigation 2 | . 2 . . Extermination . | . . . . Reinforcement 1 | . 1 . . Assault . | . . . . Garrison 1 | . . . 1 Intercept . | . . . . Searches Triggered . | . . . . Construction Impeded . | . . . . Haulers Reinforced . | . . . . Active Scanning Responses . | . . . . Cargo Convoy Interrupts . | . . . . Stealth | -11 -10 -10 -8 --------- Run | Yrd Mat Sub Mat Distress Signals 3 | . 2 . 1 Communications Jammed . | . . . . Distress Signals . | . . . . Times Spotted 49 | . 23 21 5 Peak Tracking Total 6 | . 5 6 3 Tactical Retreats 3 | . 3 . . Traps | -11 -10 -10 -8 ------- Run | Yrd Mat Sub Mat Traps Triggered 2 | . 2 . . Indirectly . | . . . . Trap Hack Attempts . | . . . . Triggered . | . . . . Disarmed . | . . . . Reprogrammed . | . . . . Reused . | . . . . Traps Extracted . | . . . . Installed . | . . . . Triggered . | . . . . Machines | -11 -10 -10 -8 ---------- Run | Yrd Mat Sub Mat Machines Disabled . | . . . . Max in Single Turn . | . . . . Machines Repaired . | . . . . Machines Dismantled . | . . . . Machines Sabotaged . | . . . . Overloaded Fab Kills . | . . . . Hacking | -11 -10 -10 -8 --------- Run | Yrd Mat Sub Mat Machines Accessed 6 | . 6 . . Terminals 4 | . 4 . . Fabricators . | . . . . Repair Stations . | . . . . Recycling Units 2 | . 2 . . Scanalyzers . | . . . . Garrison Access . | . . . . Total Hacks 21 | . 21 . . Successful 15 | . 15 . . Failed 6 | . 6 . . Catastrophic 1 | . 1 . . Database Lockouts . | . . . . Manual 16 | . 16 . . Terminals 15 | . 15 . . Fabricators . | . . . . Repair Stations . | . . . . Recycling Units 6 | . 6 . . Scanalyzers . | . . . . Garrison Access . | . . . . Terminal Hacks 4 | . 4 . . Level Access Points 1 | . 1 . . Terminal Index 1 | . 1 . . Recall Investigation 1 | . 1 . . Registered Components 1 | . 1 . . Fabricator Hacks . | . . . . Repair Station Hacks . | . . . . Recycling Unit Hacks 3 | . 3 . . Retrieve Components 3 | . 3 . . Scanalyzer . | . . . . Garrison Access Hacks . | . . . . Unauthorized Hacks 8 | . 8 . . Terminals 6 | . 6 . . Track 2 | . 2 . . Botnet 4 | . 4 . . Fabricators . | . . . . Repair Stations . | . . . . Recycling Units 2 | . 2 . . Reject 2 | . 2 . . Scanalyzers . | . . . . Garrison Access . | . . . . Data Cores Recovered . | . . . . Used . | . . . . Hacking Detections 5 | . 5 . . Full Trace Events . | . . . . Feedback Events . | . . . . Feedback Blocked . | . . . . Robot Schematics Acquired . | . . . . Robots Built . | . . . . Authchips . | . . . . Time . | . . . . Total Robot Build Rating . | . . . . Part Schematics Acquired . | . . . . Parts Built . | . . . . Authchips . | . . . . Time . | . . . . Total Part Build Rating . | . . . . Parts Repaired . | . . . . Time . | . . . . Parts Recycled . | . . . . Recycled Matter . | . . . . Retrieved Matter . | . . . . Retrieved Components 1 | . 1 . . Parts Scanalyzed . | . . . . Part Schematics Acquired . | . . . . Parts Damaged . | . . . . Bothacking | -11 -10 -10 -8 ------------ Run | Yrd Mat Sub Mat Used RIF Installer . | . . . . Robots Hacked . | . . . . Non-combat . | . . . . Combat . | . . . . Robot Hacks Applied . | . . . . Relay Couplers Released . | . . . . Fabnet Peak Effective % . | . . . . Robots Rewired . | . . . . Allies Hacked . | . . . . Hacks Repelled . | . . . . Allies | -11 -10 -10 -8 -------- Run | Yrd Mat Sub Mat Total Allies . | . . . . Largest Group . | . . . . Highest-Rated Group . | . . . . Highest-Rated Ally . | . . . . Total Orders . | . . . . Ally Attacks . | . . . . Total Damage . | . . . . Kills . | . . . . Allies Corrupted . | . . . . Allies Melted . | . . . . Intel | -11 -10 -10 -8 ------- Run | Yrd Mat Sub Mat Robot Analysis Total . | . . . . Derelict Logs Recovered . | . . . . Drone Launches . | . . . . Drone Recoveries . | . . . . Exploration | -11 -10 -10 -8 ------------- Run | Yrd Mat Sub Mat Turns Passed 2263 | 158 921 788 396 Spaces Moved 1374 | 90 562 526 196 Core 134 | 16 . 23 95 Treads . | . . . . Legs 1207 | 74 562 503 68 Wheels 33 | . . . 33 Hover . | . . . . Flight . | . . . . Fastest Speed 50 | 50 120 100 100 Average Speed 127 | 107 120 125 161 Slowest Speed 250 | 120 120 250 250 Overloaded Moves . | . . . . Propulsion Burnouts . | . . . . Robots Hopped . | . . . . Cave-ins Triggered . | . . . . Exploration Rate (%) 29 | 5 74 25 12 Regions Visited 3 Branch Regions 1 Pre-discovered Areas 1 | . . 1 . Known Exits Taken . | . . . . Unknown Exits Taken 3 | 1 1 1 . Scrap Searched 1 | . . 1 . Spaces Dug 9 | . . 9 . Terrain Destroyed 188 | . . 188 . Melee . | . . . . Projectile . | . . . . AOE 188 | . . 188 . Terrain Rammed . | . . . . Walls Destroyed . | . . . . Machines Disabled . | . . . . Actions | -11 -10 -10 -8 --------- Run | Yrd Mat Sub Mat Total 1697 | 122 723 605 247 Wait 133 | . 95 26 12 Move 1371 | 89 561 525 196 Hop . | . . . . Pick Up 25 | 10 9 2 4 Fast Attach 10 | . . 1 9 Attach 18 | 7 3 6 2 Detach 1 | . . . 1 Swap 12 | . 4 5 3 Drop 9 | . 3 1 5 Fire 118 | 16 48 39 15 Melee . | . . . . Ram . | . . . . Kick . | . . . . Crush . | . . . . Escape Stasis . | . . . . Rewire . | . . . . Trap . | . . . . Miscellaneous . | . . . . Route ------- -11/Scrapyard -10/Materials (discovered 5 exits: *Mat x3 / [*Min] / [*Sub]) -10/Subcaves -8/Materials History --------- Turn | Location | Event 7 | -11/Scrapyard | Discovered new exit (range 15) 159 | -11/Scrapyard | Entered Materials 324 | -10/Materials | Build established: Mutant 449 | -10/Materials | Discovered new exit (range 6) 561 | -10/Materials | Discovered new exit (range 5) 671 | -10/Materials | Discovered new exit (range 12) 753 | -10/Materials | Identified exit to Materials 1000 | -10/Materials | Discovered new exit (range 9) 1080 | -10/Materials | Entered Subcaves 1099 | -10/Subcaves | Learned location of Zion (-6) 1099 | -10/Subcaves | Met a Zionite searching for "candidates" 1105 | -10/Subcaves | Shifting Twisted Machinery released Sub. Beam Cannon 1108 | -10/Subcaves | Shifting Twisted Machinery released Sub. Beam Cannon 1185 | -10/Subcaves | Build established: Scavenger-Mutant 1223 | -10/Subcaves | A swath of the cavern ceiling suddenly collapsed 1233 | -10/Subcaves | Ambushed by swarm of Subdwellers 1238 | -10/Subcaves | Ambushed by Subdwellers from Twisted Machinery 1239 | -10/Subcaves | Ambushed by Subdwellers from Twisted Machinery 1239 | -10/Subcaves | Ambushed by Subdwellers from Twisted Machinery 1239 | -10/Subcaves | Ambushed by Subdwellers from Twisted Machinery 1243 | -10/Subcaves | Core integrity fell below 50% 1271 | -10/Subcaves | Destroyed 9 combat bots 1274 | -10/Subcaves | Lost 5 parts (1p2n1u1w) 1331 | -10/Subcaves | Ambushed by Subdweller buried in earth 1338 | -10/Subcaves | Ambushed by Subdweller buried in earth 1340 | -10/Subcaves | Ambushed by Subdweller buried in earth 1352 | -10/Subcaves | Ambushed by Subdweller buried in earth 1513 | -10/Subcaves | Shifting Twisted Machinery released Spk. Treads 1525 | -10/Subcaves | Build established: Mutant 1665 | -10/Subcaves | Core integrity fell below 20% 1679 | -10/Subcaves | Ambushed by angry Subdweller bent on revenge 1837 | -10/Subcaves | Lost 4 parts (2n2w) 1848 | -10/Subcaves | Discovered new exit (range 9) 1868 | -10/Subcaves | Entered Materials 1868 | -8/Materials | Evolved 4 slots: Utility x4 2256 | -8/Materials | Garrison activated, responded to threat 2264 | -8/Materials | Self-destructed Last Messages --------------- 02155_ Acquired Lgt. Nuclear Core. 02160_ Dropped Aluminum Leg. 02161_ Dropped Com. Wheel. 02162_ Acquired Aluminum Leg. 02163_ Acquired 23 matter. 02166_ Acquired Imp. Heat Sink. 02174_ Acquired Imp. Terrain Scanner. 02203_ K-01 Serf collects debris. 02227_ Dropped Imp. Terrain Scanner. 02228_ Acquired Targeting Computer. 02236_ K-01 Serf collects debris. 02240_ W-25 Informer sends out distress signal. 02240_ K-01 Serf collects debris. 02244_ Slug penetrates Wall. 02253_ Tractor Beam destroyed. 02256_ H-55 Commando calls for garrison reinforcements. 02256_ ALERT: Activating Garrison Access M001. 02259_ Slug penetrates Wall. 02259_ Hadron Collector disabled. 02262_ Particle Gun destroyed. Map ----- +----------------------------------------------------+ | ?????????????????????????????????????????????????? | | ?????????????????????????????????????????????????? | | ?????????????????????????????????????????????????? | | ?????????????????????????????????????????????????? | | ?????????????????????????????????????????????????? | | ?????????????????????????????????????????????????? | | ?????????????????????????????????????????????????? | | ?????????????????????????????????????????????????? | | ?????????????????????????????????????????????????? | | ?????????????????????????????????????????????????? | | ?????????????????????????????????????????????????? | | ?????????????????????????????????????????????????? | | ?????????????????????????????????????????????????? | | ???????????????????#????#######??????????????????? | | ????????????????????????#######??????????????????? | | ???????????????????? ??? ##??????????????????? | | ????????????????? ??????? + ??????????????????? | | ???????????????????????? # ???? ?????????????? | | ????????????????? ######## + ??????????????????? | | ????????????????? ######## # ??????????????????? | | ??????????? ????? # T # # ???????? ?????????? | | ????????????????? # # #####???????????????? | | ?????????? ?????? # """ # #####???????????????? | | ????????????????? #! """ # u ???? ??????????? | | ????????????????? # "" # h##??????????????????? | | ????????????????? # """ @ ########### ? ???? ?? | | ???????????### ?? # #u ########### ????????? | | ????????????## ########u # # ??? ????? | | ????????????## # # ???????#? | | ????????????## # # ????????? | | ????????????## """ """ r """ """ # ????????? | | ????????????## """ """ # """ """ # ????????? | | ????????????## """ """ # """ """ # ????????? | | ????????????## # ! # ????????? | | ????????????## ^ ^ # ####??????? | | ????????????## " " """ #############???????? | | ????????????## ? "G" """ #### ########## | | ??????????? """ """ #### ########## | | ?????????????## #### #### | | ?????????????## #### ######## | | ????????????? # ########## #### ######## | | ????????????? # ########## #### ######## | | ????????????????????????## #### ######## | | ????????????????????????## # | | ??????????????#????##???## * + | | ????????????????????????## # | | ??????????????????#?????### ######+####+#### | | ??????????????????#?????### ## # =## | | ?????????????????????????## ## # ## | | ?????????????????????????## ## """ # ## | +----------------------------------------------------+ Best States ------------- Heat Dissipation 59 Energy Generation 15 Energy Capacity 250 Matter Stores 300 Matter Capacity 300 Sight Range 16 Terrain Scan Range 16 Terrain Scan Density 10 Evasion (%) 55 Targeting Accuracy 5 Item Schematics ----------------- None Robot Schematics ------------------ None Fabricated ------------ Nothing Alien Tech Used ----------------- None Achievements -------------- Close Call Challenges ------------ None Game ------ Seed ZhirovThermalShifter Manual? 0 Play Time 00:23:02 Cumulative 16.7 hours Start 2024.03.06 @ 14:55:39 End 2024.03.06 @ 15:17:32 Sessions 1 Manual Loads 0 Difficulty Rogue Special Mode None Game No. 21 Rogue 20 Adventurer 1 Explorer 0 Win Type - Total 0 Types 0/0/0/0/0/0/0/0/0 Lore% 20 Gallery% 18 Achievement% 20 Wizard Run 0 Options --------- Layout 0 ASCII 0 Keyboard 0 Movement Mouse Keybinds 0 Fullscreen 1 Font 20/X11 Map View 66x50 Zoom Use 0% Tactical HUD 1 Map Filters NONE Filters NONE Steam 1 RUN: d1498bb6-6c68-4eb4-b438-c11603909c9d